 Dungeon Crawl Stone Soup version 0.31.0-11-ge490571c62 (webtiles) character file.

Game seed: 14514238841896433752

349 Arctor the Firebug (level 6, -5/32 HPs)
             Began as a Deep Elf Fire Elementalist on Feb 4, 2024.
             Slain by a phantom (6 damage)
             ... on level 4 of the Dungeon.
             The game lasted 00:03:07 (6182 turns).

Arctor the Firebug (Deep Elf Fire Elementalist)     Turns: 6182, Time: 00:03:08

Health: -5/32      AC:  2    Str:  5    XL:     6   Next: 33%
Magic:  8/14       EV: 13    Int: 22    God:
Gold:   202        SH:  0    Dex: 15    Spells: 5/14 levels left

rFire   . . .        m - +0 dagger (protect)
rCold   . . .        (no shield)
rNeg    . . .        a - +0 robe
rPois   .            (no helmet)
rElec   .            (no cloak)
rCorr   .            (no gloves)
SInv    .            (no boots)
Will    .....        (no amulet)
Stlth   +++          (no ring)
HPRegen 0.25/turn    (no ring)
MPRegen 0.14/turn

%: no passive effects
@: no status effects
A: no striking features
a: no special abilities


You were on level 4 of the Dungeon.
You visited 1 branch of the dungeon, and saw 5 of its levels.

You collected 202 gold pieces.

Inventory:

Hand Weapons
 m - a +0 dagger of protection (weapon)
Armour
 a - a +0 robe (worn)
Jewellery
 g - a ring of protection from cold
 q - a ring of ice
 r - a +6 ring of intelligence
Wands
 k - a wand of charming (9)
Scrolls
 d - a scroll of fear {unknown}
 e - a scroll of enchant weapon {unknown}
 i - 3 scrolls of identify {unknown}
 l - a scroll of amnesia {unknown}
 n - a scroll of poison {unknown}
 o - 2 scrolls of blinking {unknown}
 p - a scroll of fog {unknown}
Potions
 b - a potion of magic
 c - a potion of berserk rage
 f - 3 potions of curing {unknown}
 h - a potion of ambrosia {unknown}
 j - a potion of haste {unknown}
 s - a potion of attraction {unknown}


   Skills:
 - Level 4.0 Dodging
 - Level 4.2 Stealth
 - Level 4.6 Spellcasting
 + Level 3.4 Conjurations
 + Level 4.7 Fire Magic


You had 5 spell levels left.
You knew the following spells:

 Your Spells              Type           Power      Damage    Failure   Level
a - Foxfire               Conj/Fire      92%        2x1d8     1%          1
b - Scorch                Fire           52%        2d7       2%          2
c - Starburst             Conj/Fire      11%        6d5       96%         6

Your spell library contained the following spells:

 Spells                   Type           Power      Damage    Failure   Level
 Inner Flame              Hex/Fire       15%        N/A       12%         3
 Volatile Blastmotes      Fire/Tloc      30%        2d12      12%         3
 Cigotuvi's Dreadful Rot  Necr/Alch/Air  10%        N/A       16%         2
 Flame Wave               Conj/Fire      23%        2d8       19%         4
 Dispel Undead            Necr           5%         3d7       71%         4
 Martyr's Knell           Necr/Summ      5%         N/A       71%         4
 Plasma Beam              Fire/Air       7%         2x1d18    99%         6
 Death Channel            Necr           2%         N/A       100%        6


Dungeon Overview and Level Annotations

Branches:
Dungeon (5/15)
 Temple: D:4-7

Altars:

Shops:
D:2 !


Message History

There is a stone staircase leading up here.
There are monsters nearby!
You conjure some foxfire!
The gnoll shouts!
A gnoll comes into view. It is wielding a +0 whip.
The phantom closely misses you.
There are monsters nearby!
There is not enough space to conjure foxfire!
There are monsters nearby!
The foxfire hits the phantom.
The phantom is moderately damaged.
The phantom hits you.
The phantom blinks!
You blink.
The foxfire hits the gnoll but does no damage.
Unknown command.
You can't go up here!
The phantom hits you.
There is a stone staircase leading up here.
The phantom misses you. The gnoll barely misses you.
You climb upwards.
There is a stone staircase leading down here.
Casting: Foxfire (safe; 1% risk of failure)
Confirm with . or Enter, or press ? or * to list all spells.
Flames lash the phantom.
The phantom is heavily damaged.
The phantom's fire resistance burns away.
The gnoll hits you with a +0 flail. The phantom hits you!
Casting: Scorch (safe; 2% risk of failure)
Confirm with . or Enter, or press ? or * to list all spells.
Flames lash the gnoll.
The gnoll is lightly wounded.
The gnoll's fire resistance burns away.
The gnoll closely misses you. The phantom hits you.
Casting: Scorch (safe; 2% risk of failure)
Confirm with . or Enter, or press ? or * to list all spells.
Flames lash the gnoll.
The gnoll is burned terribly!
The gnoll is moderately wounded.
The gnoll hits you with a +0 flail!
* * * LOW HITPOINT WARNING * * *
The phantom hits you.
You die...

### # #.# # #.# # #.#
####.###################
................W......##########
................@...............#
####.#####.#####g###.#.########.#
.....# #.# #.##.....### #..
###..# #.# #.##.###...# ##.
..#..#####.# #.##.# ###.# ##
#.#........#####.##.# #.# #
#.....#..........##.# ###.####
......+....########.###......####
#####.#...## #...#.#........


You could see a phantom (combustible) and a gnoll (combustible).

Vanquished Creatures
  A water moccasin (D:3)
  2 scorpions (D:4)
  5 adders (D:2)
  2 ribbon worms
  6 orcs
  5 bats
  6 endoplasms
  3 giant cockroaches
  11 goblins
  8 hobgoblins
  6 jackals
  4 kobolds
  2 quokkas
  4 ball pythons
  3 frilled lizards
  2 rats
70 creatures vanquished.

Vanquished Creatures (collateral kills)
  10 foxfires (D:1)
10 creatures vanquished.

Vanquished Creatures (others)
  496 foxfires
496 creatures vanquished.

Grand Total: 576 creatures vanquished

Notes
Turn   | Place    | Note
-------+----------+-------------------------------------------
     0 | D:1      | Arctor the Deep Elf Fire Elementalist began the quest for
                  | the Orb.
     0 | D:1      | Reached XP level 1. HP: 10/10 MP: 6/6
   341 | D:1      | Reached XP level 2. HP: 15/15 MP: 0/8
   741 | D:1      | Found a faded altar of an unknown god.
  1239 | D:1      | Learned a level 2 spell: Scorch
  1918 | D:2      | Found Vuichad's Distillery.
  2000 | D:2      | Reached XP level 3. HP: 19/19 MP: 3/9
  2768 | D:2      | Reached XP level 4. HP: 24/24 MP: 7/11
  4116 | D:3      | Noticed a water moccasin
  4122 | D:3      | Killed a water moccasin
  4123 | D:3      | Reached XP level 5. HP: 19/28 MP: 5/13
  5157 | D:4      | Reached XP level 6. HP: 32/32 MP: 7/14
  5268 | D:4      | Learned a level 6 spell: Starburst
  5708 | D:4      | HP: 1/32 [poisoned by a scorpion]
  6174 | D:5      | Entered Level 5 of the Dungeon
  6182 | D:4      | HP: 1/32 [gnoll/+0 flail[a gnoll sergeant] (14)]
  6182 | D:4      | Slain by a phantom

Illustrated notes

Levels and vault maps discovered:
D:1:      minmay_arrival_hallway, layout_basic,
          hellmonk_ecumenical_altar_lost_god, serial_forest,
          infiniplex_forest_end_3, infiniplex_forest_clump_cross,
          infiniplex_forest_straight_2, infiniplex_forest_lined_2
D:2:      wad_crossroads, layout_basic, serial_shops, shop,
          corexii_leaking_fountain
D:3:      layout_basic
D:4:      layout_basic, minmay_misc_feat_square, minivault_26,
          skrybe_limestone_x
D:5:      dreamdust_elfheim, layout_loops_corners,
          amethyst_overflow_temple_binary, uniq_sigmund

Skill      XL: |  1  2  3  4  5 |
---------------+----------------+-----
Stealth        | 3 4 |  4.2
Dodging        | 3 4 |  4.0
Conjurations   | 2 3 |  3.4
Spellcasting   | 4 |  4.6
Fire Magic     | 4 |  4.7

Action                     |  1- 3 |  4- 6 || total
---------------------------+-------+-------++-------
  Melee: Unarmed           |    18 |     1 ||    19
   Cast: Foxfire           |   153 |   174 ||   327
         Scorch            |     2 |    15 ||    17
    Use: Potion            |       |     1 ||     1
 Armour: Robe              |    11 |    15 ||    26
  Dodge: Dodged            |    21 |    16 ||    37
